 Seeded DCSS version 0.29-a0-371-g91724d5b39 (webtiles) character file.

Game seed: 18446744073709551615 (custom seed)

199 joe1234567 the Charlatan (level 5, -3/24 (25) HPs)
             Began as a Spriggan Artificer on May 3, 2022.
             Was an Initiate of Ru.
             Slain by a bullfrog (6 damage)
             ... on level 4 of the Dungeon.
             The game lasted 00:22:44 (2797 turns).

joe1234567 the Charlatan (Spriggan Artificer)       Turns: 2797, Time: 00:22:45

HP:   -3/24 (25)    AC:  3    Str:  8    XL:     5   Next: 48%
MP:   15/15         EV: 18    Int: 14    God:    Ru [......]
Gold: 120           SH:  0    Dex: 16    Spells: 4/4 levels left

rFire   + . .      SeeInvis +   i - +9 whip of Biybben {vorpal, Drain rF+ rN+++ MP+9}
rCold   . . .      Faith    .   (no shield)
rNeg    + + +      Spirit   .   b - +1 robe
rPois   .          Reflect  .   (helmet restricted)
rElec   .          Harm     .   (no cloak)
rCorr   .          Rampage  .   (gloves unavailable)
Will    .....                   (boots unavailable)
Stlth   +.........              (no amulet)
HPRegen 0.08/turn               (no ring)
MPRegen 0.14/turn               (no ring)

@: confused, ambrosia-drunk, lightly drained, very quick
A: very small, no large weapons, unfitting armour, see invisible, speed 3
a: Renounce Religion, Sacrifice Drink, Sacrifice Words, Sacrifice Skill, Reject
Sacrifices


You were on level 4 of the Dungeon.
You worshipped Ru.
Ru was noncommittal.
You visited 1 branch of the dungeon, and saw 4 of its levels.

You collected 153 gold pieces.
You spent 33 gold pieces at shops.

Inventory:

Hand Weapons
 e - a +1 dagger of speed
 g - a +1 hunting sling of flaming
 i - the +9 whip of Biybben (weapon) {vorpal, Drain rF+ rN+++ MP+9}
   (You took it off a goblin on level 2 of the Dungeon)

   It inflicts extra damage upon your enemies.
   rF:        It protects you from fire.
   rN:        It renders you almost immune to negative energy.
   MP:        It affects your magic capacity (+9).
   Drain:     It drains your maximum health when unequipped.
Armour
 b - a +1 robe (worn)
 f - a +0 pair of gloves
Wands
 d - a wand of charming (12)
Scrolls
 c - a scroll of identify {unknown}
Potions
 n - 2 potions of brilliance


   Skills:
 + Level 1.1 Fighting
 + Level 1.1 Maces & Flails
 + Level 0.8(1.3) Slings
 + Level 1.3(1.4) Throwing
 + Level 4.3 Dodging
 + Level 2.6 Stealth
 + Level 6.3 Evocations


You had 4 spell levels left.
You didn't know any spells.
Your spell library contained the following spells:

 Spells                   Type           Power      Damage    Failure   Level
 Sandblast                Erth           0%         2d4       28%         1
 Passwall                 Tmut/Erth      0%         N/A       41%         2
 Ozocubu's Armour         Ice            0%         N/A       65%         3
 Stone Arrow              Conj/Erth      0%         3d7       65%         3
 Ozocubu's Refrigeration  Ice            0%         4d5       100%        7


Dungeon Overview and Level Annotations

Branches:
Dungeon (4/15)
 Temple: D:4-7

Altars:
Ru

Shops:
D:2 [*:((


Innate Abilities, Weirdness & Mutations

You are very small and have problems with some larger weapons.
You are too small for most types of armour.
You have supernaturally acute eyesight. (SInv)
You cover ground extremely quickly. (Speed+++)


Message History

The adder completely misses you.
You hit the adder.
The adder is severely wounded.
The adder misses you.
You hit the adder.
The adder is almost dead.
The adder completely misses you.
You closely miss the adder.
The adder is almost dead.
The adder misses you. The adder barely misses you.
You whack the adder!
You kill the adder!
The ball python closely misses you. x2
You whack the ball python!
You kill the ball python!
A giant cockroach comes into view.
The giant cockroach moves out of view.
Found a scroll of teleportation.
A ball python comes into view.
The ball python hisses angrily.
You hear a shout!
You hear a loud, deep croak!
An orc and a bullfrog come into view.
Found a scroll labelled ZAFFEP DEMNILY.
You whack the ball python!
You kill the ball python!
The orc hits you with a +0 hand axe.
You barely miss the giant cockroach. The giant cockroach misses you.
The orc misses you.
You barely miss the giant cockroach. The giant cockroach closely misses you.
The orc misses you.
The giant cockroach completely misses you.
You hit the giant cockroach.
You kill the giant cockroach!
The bullfrog hits you.
* * * LOW HITPOINT WARNING * * *
The orc closely misses you.
You are confused.
You feel invigorated. The bullfrog hits you!
* * * LOW HITPOINT WARNING * * *
The orc hits you but does no damage. The bullfrog hits you.
You die...

#......................
#>.....................
#.#..#.################
?#.#..#.# ...#..#.#
##.#..#.# ......).#.#
.#......#.#####..
#..<...o@†......
##.#....FO......
...#..#......### ###
#....(..### #.......##
#..?....' #.......#
...##....


You could see an ogre, a bullfrog and an orc.

Vanquished Creatures
  A howler monkey (D:4)
  2 hounds (D:3)
  3 adders
  A gnoll (D:1)
  2 worms (D:2)
  2 dart slugs
  An orc (D:4)
  6 endoplasms
  4 giant cockroaches
  7 goblins
  3 hobgoblins
  3 kobolds
  5 quokkas
  3 ball pythons
  3 bats
  2 frilled lizards
  2 rats (D:3)
50 creatures vanquished.

Vanquished Creatures (others)
  A bat (D:2)
1 creature vanquished.

Grand Total: 51 creatures vanquished

Notes
Turn   | Place    | Note
-------+----------+-------------------------------------------
     0 | D:1      | joe1234567 the Spriggan Artificer began the quest for the
                  | Orb.
     0 | D:1      | Reached XP level 1. HP: 9/9 MP: 2/2
   322 | D:1      | Reached XP level 2. HP: 12/14 MP: 3/3
   821 | D:2      | Reached skill level 5 in Evocations
   907 | D:2      | Found Cias's Antique Weapon Boutique.
   967 | D:2      | Found Luus Qojewy's Book Shop.
  1026 | D:2      | Bought a hunting sling for 33 gold pieces
  1249 | D:2      | Found Pigypeh's Antique Armour Shop.
  1301 | D:2      | Reached XP level 3. HP: 15/17 MP: 4/4
  1318 | D:2      | Found Gykluajem's Assorted Antiques.
  1463 | D:2      | Found Diawunitz's Antique Weapon Shoppe.
  1517 | D:2      | Found a faded altar of an unknown god.
  1519 | D:2      | Identified the +9 whip of Biybben {vorpal, Drain rF+ rN+++
                  | MP+9}
  1567 | D:2      | Prayed at the altar of an unknown god.
  1567 | D:2      | Became a worshipper of Ru the Awakened
  1923 | D:3      | Reached XP level 4. HP: 18/21 MP: 5/5
  2140 | D:3      | Reached skill level 1 in Throwing
  2140 | D:3      | Reached skill level 6 in Evocations
  2168 | D:3      | Reached skill level 1 in Fighting
  2451 | D:4      | Reached XP level 5. HP: 19/25 MP: 6/6
  2692 | D:4      | Noticed an ogre
  2763 | D:4      | Reached skill level 1 in Maces & Flails
  2797 | D:4      | Slain by a bullfrog

Illustrated notes

Levels and vault maps discovered:
D:1:      matt_arrival_refuge, layout_basic
D:2:      layout_loops_ring, shapermc_ecumenical_altar_notcrosses, serial_shops,
          nicolae_shop_temple_entry_statues_fountains, shop, shop,
          nicolae_shop_crystal, nicolae_lakefront_shop, minmay_tree_intersection
D:3:      minmay_angry_zag, layout_rooms, cheibrodos_gnoll_hut
D:4:      layout_basic, serial_curves, eino_curves_02, eino_curves_01,
          minmay_divided_ellipse

Skill      XL: |  1  2  3  4  5 |
---------------+----------------+-----
Evocations     | 5 6 |  6.3
Dodging        | 4 |  4.3
Throwing       | 1 |  1.3
Fighting       | 1 |  1.1
Stealth        | 2 |  2.6
Maces & Flails | 1 |  1.1
Slings         | |  0.8

Action                   |  1- 3 |  4- 6 || total
-------------------------+-------+-------++-------
Melee: Club              |     7 |       ||     7
       Whip              |    14 |    39 ||    53
 Fire: Hunting sling     |     1 |    11 ||    12
Throw: Stone             |    34 |       ||    34
Evoke: Wand              |    26 |     3 ||    29
  Use: Scroll            |     6 |     2 ||     8
       Potion            |     2 |     6 ||     8
 Stab: Sleeping          |       |     1 ||     1
Armor: Robe              |    12 |     6 ||    18
Dodge: Dodged            |    55 |    60 ||   115

Table legend: (Time is in decaauts)
 A = Elapsed time spent in this place.
 B = Non-inter-level travel time spent in this place.
 C = Inter-level travel time spent in this place.
 D = Time resting spent in this place.
 E = Time spent auto-exploring this place.
 F = Levels seen in this place.
 G = Mean time per level.
                   A        B        C        D        E       F      G
               +--------+--------+--------+--------+--------+-----+--------+
         Total |   1792 |   1790 |      2 |      0 |      0 |   4 |  448.0 |
       Dungeon |   1792 |   1790 |      2 |      0 |      0 |   4 |  448.0 |
               +--------+--------+--------+--------+--------+-----+--------+

Top non-repeatable levels by time:
     D:2: 601 daAuts
     D:1: 488 daAuts
     D:3: 467 daAuts
     D:4: 234 daAuts
